 Dungeon Crawl Stone Soup version 0.18.1-48-g4cf74bf (webtiles) character file.

1333 nikopol the Chopper (level 8, 0/71 HPs)
             Began as a Hill Orc Berserker on Aug 9, 2016.
             Was a Priest of Trog.
             Slain by a killer bee (1 damage)
             ... on level 7 of the Dungeon.
             The game lasted 00:11:12 (5893 turns).

nikopol the Chopper (Hill Orc Berserker)            Turns: 5893, Time: 00:11:12

Health: 0/71       AC: 11    Str: 24    XL:     8   Next: 61%
Magic:  8/8        EV: 10    Int:  7    God:    Trog [***...]
Gold:   211        SH:  0    Dex: 11    Spells: 0 memorised, 7 levels left

rFire  . . .     SeeInvis .     a - +0 hand axe
rCold  . . .     Gourm    .     q - +0 chain mail
rNeg   . . .     Faith    .     (no shield)
rPois  .         Spirit   .     n - +0 helmet
rElec  .         Dismiss  .     (no cloak)
rCorr  .         Reflect  .     (no gloves)
SustAt .         Harm     .     (no boots)
MR     .....     Rnd*Tele +     (no amulet)
Stlth  ..........               y - +3 ring of strength
                                d - ring of teleportation (curse)

@: lethally poisoned (0 -> -5), exhausted, slowed, very slow, not resistant to
hostile enchantments, extremely unstealthy
A: no striking features
a: Berserk, Trog's Hand, Burn Spellbooks, Renounce Religion


You were on level 7 of the Dungeon.
You worshipped Trog.
Trog was most pleased with you.
You were very hungry.

You visited 1 branch of the dungeon, and saw 6 of its levels.

You collected 211 gold pieces.

Inventory:

Hand Weapons
 a - a +0 hand axe (weapon)
Missiles
 u - 66 arrows (quivered)
Armour
 b - a +0 animal skin
 e - a +0 leather armour
 n - a +0 helmet (worn)
 q - a +0 chain mail (worn)
Jewellery
 d - a cursed ring of teleportation (left hand)
 h - an uncursed ring of poison resistance
 w - an uncursed ring of see invisible
 y - a +3 ring of strength (right hand)
 z - an uncursed ring of resist corrosion {unknown}
 E - a +5 ring of evasion {unknown}
 G - an uncursed ring of protection from cold {unknown}
Scrolls
 f - 3 scrolls of enchant weapon {unknown}
 g - 2 scrolls of enchant armour {unknown}
 j - 2 scrolls of remove curse {unknown}
 l - 3 scrolls of recharging {unknown}
 p - a scroll of amnesia {unknown}
 r - 3 scrolls of identify {unknown}
 t - a scroll of fog {unknown}
 x - 2 scrolls of teleportation {unknown}
 C - 3 scrolls of blinking {unknown}
 D - a scroll of magic mapping {unknown}
 F - a scroll of random uselessness {unknown}
 I - a scroll of fear {unknown}
Potions
 i - 2 potions of magic {unknown}
 k - 2 potions of degeneration {unknown}
 m - 2 potions of heal wounds {unknown}
 o - a potion of agility {unknown}
 s - a potion of brilliance {unknown}
 A - a potion of might {unknown}
 B - a potion of ambrosia {unknown}
 H - a potion of cure mutation {unknown}
 J - a potion of mutation {unknown}
Comestibles
 c - 3 bread rations


   Skills:
 + Level 6.9 Fighting
 + Level 7.5 Axes
 + Level 6.1 Armour
 + Level 4.6 Dodging


You had 7 spell levels left.
You didn't know any spells.

Dungeon Overview and Level Annotations

Branches:
Dungeon (5/15)
 Temple: D:4-7

Altars:
Ashenzari
Elyvilon
Gozag
Nemelex Xobeh
Okawaru
Pakellas
Ru
Sif Muna
Yredelemnul
Zin

Shops:
D:4 %   D:5 :


Message History

The jackal bites you but does no damage.
The killer bee closely misses you.
The jackal bites you but does no damage.
The killer bee closely misses you.
You miss the killer bee.
The killer bee is almost dead.
You slash the jackal!
You kill the jackal!
Trog accepts your kill.
* * * LOW HITPOINT WARNING * * *
You feel sick. The killer bee stings you.
* * * LOW HITPOINT WARNING * * *
The killer bee misses you.
You hit the killer bee but do no damage.
The killer bee is almost dead.
You hit the orc.
The orc is lightly wounded.
* * * LOW HITPOINT WARNING * * *
You feel sick. The killer bee stings you.
You die...

...#
#..#
...#
#..
##..
.r# #o#
#@# #y#
#y# ...
...
.....
.....
#.....#


You could see 2 killer bees, an orc and a quokka.

Vanquished Creatures
  2 sky beasts (D:5)
  2 phantoms (D:5)
  2 ogres
  A giant frog (D:5)
  A scorpion (D:7)
  2 killer bees (D:7)
  A jelly (D:5)
  A centaur skeleton (D:5)
  A gnoll shaman (D:4)
  2 hounds (D:5)
  4 orc wizards (D:4)
  4 worker ants
  A hound skeleton (D:4)
  A worker ant zombie (D:5)
  4 gnolls
  A howler monkey skeleton (D:4)
  7 adders
  An ooze (D:1)
  3 adder skeletons
  3 worms
  2 dart slugs (D:1)
  5 giant geckos
  11 orcs
  A ball python (D:3)
  4 giant cockroaches
  6 goblins
  10 hobgoblins
  4 jackals
  12 kobolds
  2 quokkas
  9 bats
  A giant newt (D:1)
  A jackal skeleton (D:4)
  6 rats
118 creatures vanquished.

Vanquished Creatures (others)
  A dart slug (D:2)
1 creature vanquished.

Grand Total: 119 creatures vanquished

Notes
Turn   | Place    | Note
--------------------------------------------------------------
     0 | D:1      | nikopol the Hill Orc Berserker began the quest for the Orb.
     0 | D:1      | Reached XP level 1. HP: 19/19 MP: 1/1
   195 | D:1      | Reached XP level 2. HP: 23/27 MP: 2/2
   404 | D:1      | Reached XP level 3. HP: 30/33 MP: 3/3
   490 | D:1      | Reached ** piety under Trog
   649 | D:2      | Found an oddly glowing altar of Pakellas.
   649 | D:2      | Found a sparkling altar of Nemelex Xobeh.
   649 | D:2      | Found a deep blue altar of Sif Muna.
   751 | D:2      | Reached XP level 4. HP: 15/41 MP: 4/4
  1285 | D:2      | Found an iron altar of Okawaru.
  1466 | D:2      | Found a white marble altar of Elyvilon.
  1640 | D:3      | Reached XP level 5. HP: 35/47 MP: 5/5
  1757 | D:3      | Found a shattered altar of Ashenzari.
  2327 | D:3      | Reached *** piety under Trog
  2375 | D:3      | Found an opulent altar of Gozag.
  2594 | D:4      | Found Diul's Food Shop.
  2637 | D:4      | Noticed a phantom
  3164 | D:4      | Noticed an ogre
  3174 | D:4      | Killed an ogre
  3174 | D:4      | Reached skill level 5 in Fighting
  3174 | D:4      | Reached skill level 5 in Axes
  3174 | D:4      | Reached XP level 6. HP: 56/56 MP: 6/6
  3496 | D:4      | Received a gift from Trog
  3606 | D:4      | Reached XP level 7. HP: 28/61 MP: 7/7
  3825 | D:4      | Found a sacrificial altar of Ru.
  4193 | D:4      | Reached skill level 6 in Axes
  4455 | D:5      | Entered Level 5 of the Dungeon
  4484 | D:5      | Reached skill level 5 in Armour
  4782 | D:5      | Found Xieli's Book Shoppe.
  4834 | D:5      | Reached XP level 8. HP: 48/70 MP: 8/8
  5123 | D:5      | Found a basalt altar of Yredelemnul.
  5349 | D:5      | Reached skill level 7 in Axes
  5645 | D:5      | Found a glowing silver altar of Zin.
  5765 | D:5      | You fall through a shaft for 2 floors!
  5892 | D:7      | HP: 3/71 [poisoned by a killer bee]
  5893 | D:7      | HP: 1/71 [poisoned by a killer bee]
  5893 | D:7      | Slain by a killer bee

Skill      XL: |  1  2  3  4  5  6  7  8 |
---------------+-------------------------+-----
Dodging        | 2 3 4 |  4.6
Fighting       | 4 5 6 |  6.9
Armour         | 3 4 5 6 |  6.1
Axes           | 5 6 7 |  7.5

Action                   |  1- 3 |  4- 6 |  7- 9 || total
-------------------------+-------+-------+-------++-------
Melee: Hand axe          |   100 |   262 |   219 ||   581
Invok: Berserk           |     2 |     4 |     4 ||    10
  Eat: Chunk             |     1 |    13 |     7 ||    21
       Beef jerky        |       |     1 |     1 ||     2
       Pizza             |       |       |     1 ||     1
Armor: Animal skin       |     5 |       |       ||     5
       Leather armour    |    30 |     4 |       ||    34
       Chain mail        |       |   147 |   106 ||   253
Dodge: Dodged            |    80 |   134 |   123 ||   337
